 Dungeon Crawl Stone Soup version 0.26-a0-546-g3c2127501a (webtiles) character file.

Game seed: 13216071028525779030

(classic levelgen) 233313 EnegeticOcto the Severer (level 17, -1/162 HPs)
             Began as a Deep Dwarf Fighter on Aug 19, 2020.
             Was the Champion of Ru.
             Slain by a death cob (13 damage)
             ... on level 5 of the Depths.
             The game lasted 01:15:04 (6667 turns).

EnegeticOcto the Severer (Deep Dwarf Fighter)       Turns: 6667, Time: 01:15:04

Health: -1/162     AC: 24    Str: 24    XL:     17   Next: 90%
Magic:  5/10 (0)   EV: 11    Int: 13    God:    Ru [******]
Gold:   261        SH: 14    Dex: 12    Spells: 46/46 levels left

rFire    + . .     SeeInvis +   a - +8 war axe (freeze)
rCold    + . .     Faith    .   Q - +2 kite shield {AC+3}
rNeg     + . .     Spirit   .   L - +0 fire dragon scales
rPois    +         Reflect  .   C - +3 hat of Pondering {ponderous, MR+ MP+10 Int+5}
rElec    .         Harm     .   E - +0 cloak
rCorr    .                      m - +2 pair of gloves
MR       ++...                  g - +2 pair of boots
Stlth    +.........             v - amulet of the acrobat
HPRegen  0.00/turn              N - ring "Cyogoxt" {Ice rPois Str-3 Int-3 SInv}
MPRegen  0.12/turn              x - ring "Dughipp" {+Blink rC+ Str+2 Stlth+}

@: exhausted, no scrolls, non-regenerating, slowed, heavily drained, very slow
A: damage resistance, heal wounds, blink, negative energy resistance 1, sense
surroundings 2, inability to read while threatened, hated by all, magic
vulnerability 1, inexperienced 1, no regeneration
}: 3/15 runes: serpentine, barnacled, abyssal
a: Heal Wounds, Blink, Draw Out Power, Power Leap, Apocalypse, Renounce
Religion, Evoke Blink


You were on level 5 of the Depths.
You worshipped Ru.
Ru was exalted by your worship.
You visited 8 branches of the dungeon, and saw 35 of its levels.
You visited the Abyss 1 time.
You also visited: Ossuary and Ice Cave.

You collected 914 gold pieces.
You spent 653 gold pieces at shops.

Inventory:

Hand Weapons
 a - a +8 war axe of freezing (weapon)
 G - a +0 dagger of distortion
Missiles
 s - a curare-tipped dart (quivered)
Armour
 g - a +2 pair of boots (worn)
 m - a +2 pair of gloves (worn)
 C - the +3 hat of Pondering (worn) {ponderous, MR+ MP+10 Int+5}
   (You found it on level 9 of the Dungeon)

   It affects your intelligence (+5).
   It affects your resistance to hostile enchantments.
   It affects your magic capacity (+10).
 E - a +0 cloak (worn)
 L - +0 fire dragon scales (worn)
 Q - a +2 kite shield of protection (worn)
Jewellery
 j - an uncursed ring of see invisible
 l - an uncursed ring of protection from magic
 q - an uncursed ring of flight
 v - an amulet of the acrobat (around neck)
 x - the ring "Dughipp" (right hand) {+Blink rC+ Str+2 Stlth+}
   (You found it on level 2 of the Lair of Beasts)

   [ring of stealth]

   It affects your strength (+2).
   It protects you from cold.
   It lets you blink.
   It makes you more stealthy.
 N - the ring "Cyogoxt" (left hand) {Ice rPois Str-3 Int-3 SInv}
   (You acquired it on level 2 of the Depths)

   [ring of ice]

   It enhances your ice magic.
   It affects your strength (-3).
   It affects your intelligence (-3).
   It makes you vulnerable to fire.
   It protects you from cold.
   It protects you from poison.
   It lets you see invisible.
Wands
 p - a wand of polymorph (7)
 J - a wand of flame (5) {@v4}
Scrolls
 f - 3 scrolls of magic mapping {@r5 !r}
 k - a scroll of remove curse {@r2}
 w - 2 scrolls of holy word
 y - 2 scrolls of identify {@r1}
 A - a scroll of teleportation {@r3 !r}
Potions
 b - a potion of heal wounds {@q2 !q}
 n - 4 potions of stabbing {@q5 !q}
 t - a potion of haste {@q4 !q}
 u - 4 potions of flight
 F - 3 potions of mutation
 I - a potion of lignification {@q6}


   Skills:
 - Level 12.8(9.8) Fighting
 - Level 18.0(14.6) Axes
 - Level 10.0(7.2) Armour
 - Level 8.0(5.3) Dodging
 - Level 12.5(9.5) Shields
 + Level 15.0(11.8) Spellcasting
 - Level 10.0(7.2) Evocations


You had 46 spell levels left.
You didn't know any spells.
Your spell library was empty.

Dungeon Overview and Level Annotations

Branches:
Dungeon (15/15)            Temple (1/1) D:7            Lair (3/6) D:10
 Shoals (4/4) Lair:2        Snake (4/4) Lair:3          Orc (2/2) D:11
 Depths (5/5) D:15            Zot (1/5) Depths:5    Ossuary (visited)
  IceCv (visited)
    Elf: Orc:2       Vaults: D:13-14

Altars:
Ashenzari
Cheibriados
Dithmenos
Elyvilon
Gozag
Hepliaklqana
Kikubaaqudgha
Okawaru
Qazlal
Ru
Sif Muna
Trog
Uskayaw
Vehumet
Wu Jian
Xom
Yredelemnul
Zin
The Shining One

Shops:
Orc:2 [*[[   Snake:2 (

Portals:
Abyss: Depths:4 Depths:5

Annotations:
D:8 2 transporters, Ogre's ghost, novice KoBr


Innate Abilities, Weirdness & Mutations

You are resistant to damage.
You can heal yourself by infusing magical energy.
You resist negative energy. (rN+)
You passively map the area around you.
You cannot read scrolls while threatened.
You are hated by all.
You are slightly vulnerable to magic. (MR-)
You are somewhat inexperienced. (-2 XL)
You do not regenerate.
You can translocate small distances at will.


Message History

You slash the quicksilver dragon! You freeze the quicksilver dragon.
You kill the quicksilver dragon!
The quicksilver dragon scales are intact enough to wear.
You slash the death cob! You freeze the death cob.
You hit the black draconian but do no damage.
You block the death cob's attack.
The death cob is stunned by your will and fails to attack.
The black draconian hits you with a +0 broad axe!
You focus your will and illuminate the black draconian in retribution!
You slice the black draconian!!
The black draconian seems to slow down.
You freeze the black draconian.
You kill the black draconian!
Base training target 15.0 for Spellcasting reached!
Your base Spellcasting skill increases to level 15!
You need to enable at least one skill for training.
You miss the death cob. The death cob hits you!
The death cob drains your vigour!
You feel yourself slow down. You block the death cob's attack.
Unknown command.
Evoke which item? (* to show all) (? for menu, Esc to quit)
Aiming: Disintegrate
Press: ? - help, Shift-Dir - straight line, f - death cob
Aim: a death cob (moderately damaged, chance to defeat MR: 75%)
The death cob is blasted!!
The now-empty wand crumbles to dust.
You block the death cob's attack.
You redirect the death cob's attack!
The death cob hits itself.
The death cob is stunned by your will and fails to attack.
The death cob hits you! The death cob drains your vigour!
You feel as though you will be slow longer.
You miss the death cob.
The death cob is heavily damaged.
The death cob hits you! You block the death cob's attack.
The death cob hits you.
Evoke which item? (* to show all) (? for menu, Esc to quit)
Okay, then.
Unknown command.
You hit the death cob.
The death cob is heavily damaged.
You block the death cob's attack. x2; The death cob barely misses you.
You hit the death cob. You freeze the death cob.
The death cob is severely damaged.
The death cob hits you! You block the death cob's attack.
The death cob hits you but does no damage.
The death cob hits you!
* * * LOW HITPOINT WARNING * * *
The death cob drains your vigour!
You feel as though you will be slow longer.
Your magical essence is drained by the effort!
You feel much better. You block the death cob's attack.
The death cob completely misses you. You block the death cob's attack. x2
You miss the death cob.
The death cob is heavily damaged.
You block the death cob's attack. The death cob misses you.
You block the death cob's attack.
Unknown command.
You hit the death cob but do no damage.
The death cob is heavily damaged.
You block the death cob's attack. x2
The death cob hits you but does no damage.
Unknown command.
You slash the death cob! You freeze the death cob.
The death cob is severely damaged.
You block the death cob's attack.
The death cob hits you but does no damage.
You hit the death cob. You freeze the death cob.
The death cob is severely damaged.
The death cob hits you! The death cob drains your vigour!
You feel as though you will be slow longer.
The death cob closely misses you.
The death cob hits you but does no damage.
You block the death cob's attack.
You closely miss the death cob.
The death cob is severely damaged.
The death cob hits you. The death cob drains your vigour!
You feel as though you will be slow longer.
The death cob hits you!!
* * * LOW HITPOINT WARNING * * *
The death cob drains your vigour!
You feel as though you will be slow longer.
You block the death cob's attack.
You hit the death cob. You freeze the death cob.
The death cob is severely damaged.
The death cob hits you!
* * * LOW HITPOINT WARNING * * *
The death cob hits you.
* * * LOW HITPOINT WARNING * * *
The death cob drains your vigour!
You feel as though you will be slow longer.
The death cob hits you!
* * * LOW HITPOINT WARNING * * *
The death cob drains your vigour!
You feel as though you will be slow longer.
You slash the death cob! You freeze the death cob.
The death cob is almost destroyed.
The death cob hits you!
* * * LOW HITPOINT WARNING * * *
The death cob hits you!
You die... "Boring in life, boring in death..."

,,*********** *,* ..#
*,* ..# *,* ..# *,*
..## *,* ...###
******,* .....####
*,,,,,,*
........###########**
...).....(.['..)@.#
...†....)..†'†.z.[#
...)....###########
.....####*,,*
...###,,,,,,*
..##,,,,,,,<*
..#,,,,,,,,,*
..#,,,,,,,,,*
..#,,,,,,,,,*


You could see a death cob.

Vanquished Creatures
  Mara (Snake:4)
  A caustic shrike (Depths:3)
  A golden dragon (Depths:5)
  2 liches (Depths:4)
  A tentacled monstrosity (Depths:4)
  2 quicksilver dragons
  A sphinx (Depths:5)
  Gastronok (Lair:2)
  3 shadow dragons
  Agnes (Snake:4)
  8 nagarajas
  An iron dragon (Depths:4)
  2 fire giants (Depths:4)
  A frost giant (Depths:4)
  Aizul (Snake:4)
  2 draconian stormcallers
  5 very ugly things
  A draconian annihilator (Zot:1)
  6 stone giants
  2 entropy weavers
  A lorocyproca (Depths:5)
  A vampire knight (Depths:3)
  Nessos (D:12)
  2 yellow draconians (Depths:5)
  4 black draconians (Depths:5)
  4 spark wasps
  2 merfolk javelineers (Shoals:4)
  5 fire dragons
  8 ettins
  4 yaktaur captains
  4 merfolk impalers (Shoals:4)
  3 great orbs of eyes
  3 hydras
  7 naga warriors
  4 anacondas
  2 ice dragons
  A catoblepas (Depths:5)
  A merfolk aquamancer (Shoals:4)
  A merfolk avatar (Shoals:1)
  An ogre mage (Depths:3)
  A centaur warrior (D:12)
  A death knight (D:12)
  3 satyrs
  A vampire mage (Depths:4)
  4 deep troll earth magi (Depths:4)
  5 tengu warriors
  A queen ant (Depths:5)
  3 deep troll shamans
  7 naga sharpshooters
  3 shock serpents
  2 spriggan berserkers (Depths:4)
  A hell knight (Depths:5)
  Sonja (Lair:3)
  2 wretched stars (Abyss:3)
  A sixfirhy (Abyss:3)
  2 skeletal warriors (D:12)
  3 iron trolls
  A kraken simulacrum (Shoals:4)
  A wizard (Depths:3)
  2 glowing orange brains (Depths:1)
  10 deep trolls
  3 sea snakes
  4 naga ritualists
  A flayed ghost (Depths:3)
  Pikel (D:6)
  8 mana vipers
  2 orc knights (Orc:2)
  10 harpies
  8 ugly things
  2 orc sorcerers (Orc:1)
  7 fauns
  A necromancer (Abyss:3)
  A cyclops (D:12)
  A salamander (Snake:1)
  2 elephants
  2 manticores
  A water nymph (Shoals:1)
  15 black mambas
  2 merfolk sirens (Shoals:1)
  An orange demon (Abyss:3)
  4 cane toads
  10 naga magi
  A centaur skeleton (D:14)
  2 komodo dragons
  14 yaktaurs
  A freezing wraith (D:12)
  A hellwing (Depths:5)
  2 meliai (Abyss:3)
  2 ancient zymes (Abyss:3)
  A queen bee (shapeshifter) (Depths:3)
  A queen bee (Abyss:3)
  A troll (D:9)
  4 merfolk
  3 wind drakes
  A hornet (Depths:4)
  A raiju (Abyss:3)
  2 snapping turtles (Shoals:1)
  3 hippogriffs
  3 slime creatures (Depths:1)
  2 blink frogs (D:10)
  A redback (Depths:5)
  5 water elementals
  A spriggan (Depths:4)
  A wyvern (D:9)
  16 yaks
  A ynoxinul (Abyss:3)
  2 basilisks
  A steam dragon (D:12)
  4 vampire mosquitoes (D:15)
  40 nagas
  A soldier ant (D:11)
  3 wargs (Orc:1)
  An acid dragon (shapeshifter) (Depths:1)
  A floating eye (Depths:4)
  2 water moccasins
  22 orc warriors
  A phantom (D:9)
  3 ice beasts
  4 sky beasts
  6 ogres
  A necrophage (D:9)
  3 boggarts (Depths:4)
  10 centaurs
  4 crocodiles
  A big kobold (D:11)
  11 bullfrogs
  11 scorpions
  14 killer bees
  15 wights
  A howler monkey (D:10)
  2 quasits
  10 starcursed masses
  A bullfrog zombie (D:12)
  9 hounds
  4 jellies
  A human zombie (Ossuary)
  9 orc priests
  2 bullfrog skeletons
  3 worker ants
  10 orc wizards
  A hound zombie (D:10)
  4 mummies
  A gnoll (D:9)
  10 adders
  4 scorpion zombies (Ossuary)
  2 shadow imps
  9 white imps
  7 ufetubi
  An adder zombie (D:9)
  2 adder skeletons
  A worm (D:2)
  2 leopard geckos
  39 orcs
  2 gnoll zombies (Ossuary)
  A goblin (D:2)
  A hobgoblin (D:11)
  A jackal (D:9)
  5 kobolds
  2 quokkas
  A bat (D:2)
  3 frilled lizards
  A goblin zombie (Ossuary)
  2 hobgoblin zombies (Ossuary)
  3 kobold zombies (Ossuary)
  A leopard gecko skeleton (D:5)
  A leopard gecko zombie (D:8)
  2 orc zombies (Ossuary)
  2 rats (D:2)
  A fungus (Lair:2)
  A lurking horror (Abyss:3)
  A plant (Lair:2)
640 creatures vanquished.

Vanquished Creatures (collateral kills)
  A two-headed ogre (D:9)
  An unseen horror (D:9)
  A hippogriff (D:9)
  4 orc warriors (Orc:2)
  A phantom (D:9)
  An orc (Orc:2)
9 creatures vanquished.

Vanquished Creatures (others)
  2 ettins
  A yaktaur captain (Depths:3)
  A naga sharpshooter (Snake:4)
  A spriggan (Depths:4)
  A wretched star (Abyss:3)
  5 harpies
  An ugly thing (D:9)
  A rust devil (Depths:5)
  An ice devil (IceCv)
  A tyrant leech (Depths:3)
  A hornet (Depths:4)
  2 water elementals (Depths:1)
  A yak (D:11)
  4 nagas
  5 orc warriors
  2 boggarts (Depths:4)
  3 centaurs (Orc:2)
  An orc wizard (D:3)
  An ufetubus (IceCv)
  3 orcs
  A fungus (Lair:3)
  A plant (Shoals:4)
40 creatures vanquished.

Grand Total: 689 creatures vanquished

Notes
Turn   | Place    | Note
-------+----------+-------------------------------------------
     0 | D:1      | EnegeticOcto the Deep Dwarf Fighter began the quest for the
                  | Orb.
     0 | D:1      | Reached XP level 1. HP: 20/20 MP: 1/1
    87 | D:2      | Reached skill level 3 in Axes
    87 | D:2      | Reached XP level 2. HP: 22/27 MP: 2/2
   240 | D:3      | Reached skill level 4 in Axes
   240 | D:3      | Reached XP level 3. HP: 26/33 MP: 3/3
   245 | D:3      | Your magical essence is drained by the effort!
   257 | D:3      | Reached XP level 4. HP: 32/40 MP: 3/3
   259 | D:3      | Reached skill level 5 in Axes
   369 | D:4      | Reached XP level 5. HP: 36/46 MP: 4/4
   401 | D:4      | Reached skill level 6 in Axes
   412 | D:4      | Noticed an ogre
   414 | D:4      | Your magical essence is drained by the effort!
   419 | D:4      | Killed an ogre
   419 | D:4      | Reached skill level 7 in Axes
   419 | D:4      | Reached XP level 6. HP: 33/55 MP: 4/4
   476 | D:5      | Entered Level 5 of the Dungeon
   609 | D:5      | You fall into a shaft and drop 3 floors!
   613 | D:8      | Noticed a two-headed ogre
   655 | D:7      | Found a staircase to the Ecumenical Temple.
   663 | Temple   | Entered the Ecumenical Temple
   674 | Temple   | Reached skill level 8 in Axes
   694 | Temple   | Became a worshipper of Xom of Bone-Dry Humour
   736 | Temple   | Fell from the grace of Xom
   736 | Temple   | Became a worshipper of Ru the Awakened
   759 | D:7      | Reached XP level 7. HP: 44/61 MP: 4/6
   768 | D:7      | Reached skill level 1 in Spellcasting
   832 | D:7      | Reached skill level 9 in Axes
   837 | D:7      | Reached skill level 2 in Spellcasting
   850 | D:7      | Found a sand-covered staircase.
   859 | Ossuary  | Entered an ossuary
   959 | Ossuary  | Your magical essence is drained by the effort!
   975 | Ossuary  | XOM: summons 1 hostile demon
   999 | Ossuary  | Reached XP level 8. HP: 64/68 MP: 8/8
  1056 | Ossuary  | Reached skill level 10 in Axes
  1062 | Ossuary  | Reached skill level 3 in Spellcasting
  1224 | D:6      | Noticed Pikel
  1225 | D:6      | Your magical essence is drained by the effort!
  1244 | D:6      | Killed Pikel
  1244 | D:6      | Reached skill level 11 in Axes
  1244 | D:6      | Reached skill level 4 in Spellcasting
  1244 | D:6      | Gained mutation: You passively map the area around you.
                  | [Deep Dwarf growth]
  1244 | D:6      | Reached XP level 9. HP: 61/74 MP: 9/11
  1268 | D:6      | Found a shadowy altar of Dithmenos.
  1268 | D:6      | Found an opulent altar of Gozag.
  1384 | D:8      | Identified the +8 giant spiked club "Dimeif" {vamp, Int+3
                  | Dex+3}
  1384 | D:8      | Noticed a two-headed ogre
  1384 | D:8      | Noticed Ogre's ghost (novice KoBr)
  1385 | D:8      | XOM: give mutations
  1385 | D:8      | Gained mutation: You are partially covered in rugged brown
                  | scales. (AC +1, +3% HP) [Xom's mischief]
  1385 | D:8      | Gained mutation: You are dopey. (Int -2) [Xom's mischief]
  1385 | D:8      | Gained mutation: Armour fits poorly on your strangely
                  | shaped body. [Xom's mischief]
  1386 | D:8      | Found a bloodstained altar of Trog.
  1386 | D:8      | Noticed a moth of wrath
  1402 | D:8      | Found a transporter.
  1404 | D:8      | Found a transporter.
  1405 | D:8      | Identified the +9 whip "Hisunoel" {venom, rN+}
  1428 | D:8      | Gained mutation: You are somewhat inexperienced. (-2 XL)
                  | [Ru sacrifice]
  1428 | D:8      | Reached XP level 8. HP: 57/70 MP: 10/10
  1428 | D:8      | Reached XP level 7. HP: 57/62 MP: 9/9
  1428 | D:8      | Reached * piety under Ru
  1428 | D:8      | Reached ** piety under Ru
  1475 | D:8      | Found a hazy altar of Hepliaklqana.
  1485 | D:8      | Got a fading dagger
  1527 | D:8      | Reached skill level 12 in Axes
  1548 | D:9      | XOM: noise
  1581 | D:9      | Noticed a wyvern
  1591 | D:9      | Killed a wyvern
  1591 | D:9      | Reached skill level 1 in Evocations
  1593 | D:9      | Reached skill level 3 in Fighting
  1593 | D:9      | Reached XP level 8. HP: 51/71 MP: 10/10
  1634 | D:9      | Reached skill level 2 in Evocations
  1674 | D:9      | Reached skill level 3 in Evocations
  1675 | D:9      | Your magical essence is drained by the effort!
  1683 | D:9      | Reached skill level 13 in Axes
  1683 | D:9      | Reached XP level 9. HP: 54/80 MP: 9/11
  1690 | D:9      | Found a sacrificial altar of Ru.
  1690 | D:9      | Found an iron altar of Okawaru.
  1692 | D:9      | Found a glowing golden altar of the Shining One.
  1692 | D:9      | Found a basalt altar of Yredelemnul.
  1692 | D:9      | Noticed a troll
  1702 | D:9      | Killed a troll
  1729 | D:9      | Noticed a purple ugly thing
  1729 | D:9      | Noticed a two-headed ogre
  1730 | D:9      | Found the +3 hat of Pondering {ponderous, MR+ MP+10 Int+5}
  1737 | D:9      | Reached skill level 4 in Fighting
  1737 | D:9      | Reached skill level 4 in Evocations
  1745 | D:9      | Killed a two-headed ogre
  1745 | D:9      | Reached skill level 5 in Spellcasting
  1749 | D:9      | Killed an unseen horror
  1750 | D:9      | Got a brightly glowing silver amulet
  1756 | D:9      | Identified the amulet of Levity {Inacc +Fly rPois Dex+3}
                  | (You found it on level 9 of the Dungeon)
  1768 | D:9      | Reached skill level 5 in Evocations
  1937 | D:9      | Identified the +9 scimitar "Noghoden" {vorpal, Dex+6} (You
                  | found it on level 9 of the Dungeon)
  1943 | D:10     | Entered Level 10 of the Dungeon
  1943 | D:10     | Found a staircase to the Lair.
  1943 | D:10     | Noticed an elephant
  1959 | D:10     | Killed an elephant
  1959 | D:10     | Reached XP level 10. HP: 80/89 MP: 13/13
  1977 | D:10     | Reached skill level 5 in Fighting
  1984 | D:10     | Reached skill level 6 in Evocations
  1988 | D:10     | Reached skill level 14 in Axes
  2035 | D:11     | Reached skill level 6 in Spellcasting
  2080 | D:11     | XOM: noise
  2117 | D:11     | Your magical essence is drained by the effort!
  2141 | D:11     | Found a staircase to the Orcish Mines.
  2143 | D:11     | Gained mutation: You are slightly vulnerable to magic.
                  | (MR-) [Ru sacrifice]
  2143 | D:11     | Reached *** piety under Ru
  2172 | Orc:1    | Entered Level 1 of the Orcish Mines
  2172 | Orc:1    | Found a frozen archway.
  2188 | IceCv    | Entered an ice cave
  2203 | IceCv    | Your magical essence is drained by the effort!
  2207 | IceCv    | Your magical essence is drained by the effort!
  2214 | IceCv    | Reached skill level 6 in Fighting
  2214 | IceCv    | Reached XP level 11. HP: 65/99 MP: 12/12
  2326 | Orc:1    | XOM: 1-stop teleportation journey
  2375 | Orc:1    | XOM: noise
  2440 | Orc:1    | XOM: noise
  2451 | Orc:1    | Noticed an orc sorcerer
  2460 | Orc:1    | Your magical essence is drained by the effort!
  2461 | Orc:1    | Killed an orc sorcerer
  2468 | Orc:2    | Entered Level 2 of the Orcish Mines
  2469 | Orc:2    | Noticed an orc sorcerer
  2493 | Orc:1    | Noticed a sixfirhy
  2501 | Orc:1    | Killed an orc sorcerer
  2501 | Orc:1    | Reached skill level 15 in Axes
  2516 | Orc:2    | Noticed an orc knight
  2531 | Orc:2    | Killed an orc knight
  2534 | Orc:2    | Noticed an orc knight
  2540 | Orc:2    | Your magical essence is drained by the effort!
  2543 | Orc:2    | Your magical essence is drained by the effort!
  2557 | Orc:2    | Your magical essence is drained by the effort!
  2582 | Orc:2    | Killed an orc knight
  2630 | Orc:2    | Reached skill level 7 in Spellcasting
  2665 | Orc:2    | Found Rurogiv's Assorted Antiques.
  2665 | Orc:2    | Found Poecet's Antique Armour Emporium.
  2667 | Orc:2    | Found Zouluac's Antique Armour Shoppe.
  2669 | Orc:2    | Found Tuefoine's Antique Armour Shop.
  2676 | Orc:2    | Bought a scroll labeled CIBROFE FAURA for 27 gold pieces
  2680 | Orc:2    | Bought a metallic dark potion for 24 gold pieces
  2680 | Orc:2    | Bought a scroll of magic mapping for 94 gold pieces
  2680 | Orc:2    | Bought a potion of might for 108 gold pieces
  2680 | Orc:2    | Bought a glowing amethyst potion for 24 gold pieces
  2680 | Orc:2    | Bought a yellow potion for 24 gold pieces
  2680 | Orc:2    | Bought 2 bubbling red potions for 48 gold pieces
  2681 | Orc:2    | Bought a faintly glowing chain mail for 304 gold pieces
  2691 | Orc:2    | Identified the +2 chain mail of Xuevvari {Rampage +Fly
                  | Int+4 Dex-4} (You bought it in a shop on level 2 of the
                  | Orcish Mines)
  2842 | Lair:1   | Entered Level 1 of the Lair of Beasts
  2867 | Lair:1   | Reached skill level 7 in Fighting
  2933 | Lair:1   | XOM: noise
  2959 | Lair:2   | Gained mutation: You are hated by all. [Ru sacrifice]
  2959 | Lair:2   | Reached **** piety under Ru
  2959 | Lair:2   | Reached ***** piety under Ru
  2970 | Lair:3   | Noticed Sonja
  2977 | Lair:3   | Killed Sonja
  3007 | Lair:3   | Found a staircase to the Snake Pit.
  3021 | Lair:3   | Noticed a four-headed hydra
  3023 | Lair:3   | Reached skill level 16 in Axes
  3026 | Lair:3   | Killed a four-headed hydra
  3026 | Lair:3   | Reached XP level 12. HP: 64/113 MP: 11/11
  3055 | Snake:1  | Entered Level 1 of the Snake Pit
  3091 | Snake:2  | Noticed a nagaraja
  3094 | Snake:2  | Noticed an anaconda
  3095 | Snake:2  | Noticed a nagaraja
  3099 | Snake:2  | Reached skill level 8 in Fighting
  3099 | Snake:2  | Reached skill level 8 in Spellcasting
  3101 | Snake:2  | Killed an anaconda
  3101 | Snake:2  | Noticed a nagaraja
  3110 | Snake:2  | Your magical essence is drained by the effort!
  3111 | Snake:2  | Killed a nagaraja
  3119 | Snake:2  | Reached skill level 17 in Axes
  3123 | Snake:2  | Killed a nagaraja
  3123 | Snake:2  | Killed a nagaraja
  3124 | Snake:2  | Your magical essence is drained by the effort!
  3134 | Snake:2  | XOM: 1-stop teleportation journey
  3137 | Snake:2  | Your magical essence is drained by the effort!
  3143 | Snake:2  | XOM: enchant monster (bad)
  3186 | Snake:2  | Reached skill level 18 in Axes
  3203 | Snake:2  | Found Vuajumpi's Antique Weapon Emporium.
  3203 | Snake:2  | XOM: 2-stop teleportation journey
  3215 | Snake:2  | Noticed a naga warrior
  3239 | Snake:2  | Killed a naga warrior
  3239 | Snake:2  | Reached XP level 13. HP: 62/120 MP: 10/10
  3345 | Snake:3  | Reached skill level 4 in Armour
  3345 | Snake:3  | Reached skill level 4 in Shields
  3367 | Snake:3  | Reached skill level 7 in Evocations
  3447 | Snake:3  | Reached skill level 5 in Armour
  3460 | Snake:4  | Entered Level 4 of the Snake Pit
  3470 | Snake:4  | Reached skill level 5 in Shields
  3524 | Snake:4  | Noticed Agnes
  3534 | Snake:4  | Your magical essence is drained by the effort!
  3540 | Snake:4  | Killed Agnes
  3540 | Snake:4  | Reached skill level 8 in Evocations
  3566 | Snake:4  | Noticed a nagaraja
  3570 | Snake:4  | Noticed Aizul
  3572 | Snake:4  | Reached skill level 9 in Fighting
  3581 | Snake:4  | Killed a nagaraja
  3581 | Snake:4  | Reached skill level 6 in Armour
  3581 | Snake:4  | Reached skill level 6 in Shields
  3588 | Snake:4  | Your magical essence is drained by the effort!
  3592 | Snake:4  | Killed Aizul
  3592 | Snake:4  | Reached skill level 9 in Spellcasting
  3594 | Snake:4  | Noticed a nagaraja
  3597 | Snake:4  | Your magical essence is drained by the effort!
  3597 | Snake:4  | Noticed a nagaraja
  3600 | Snake:4  | Your magical essence is drained by the effort!
  3615 | Snake:4  | Noticed a nagaraja
  3619 | Snake:4  | Your magical essence is drained by the effort!
  3622 | Snake:4  | Killed a nagaraja
  3622 | Snake:4  | Reached skill level 9 in Evocations
  3627 | Snake:4  | Your magical essence is drained by the effort!
  3628 | Snake:4  | Gained mutation: You resist negative energy. (rN+) [Deep
                  | Dwarf growth]
  3628 | Snake:4  | Reached XP level 14. HP: 68/132 MP: 6/6
  3636 | Snake:4  | Your magical essence is drained by the effort!
  3639 | Snake:4  | Killed a nagaraja
  3648 | Snake:4  | Lost mutation: Armour fits poorly on your strangely shaped
                  | body. [potion of mutation]
  3648 | Snake:4  | Lost mutation: You are dopey. (Int -2) [potion of mutation]
  3648 | Snake:4  | Gained mutation: You can translocate small distances at
                  | will. [potion of mutation]
  3649 | Snake:4  | Killed a nagaraja
  3649 | Snake:4  | Reached skill level 7 in Armour
  3649 | Snake:4  | Reached skill level 7 in Shields
  3649 | Snake:4  | Noticed Mara
  3654 | Snake:4  | Noticed a nagaraja
  3673 | Snake:4  | Killed Mara
  3673 | Snake:4  | Reached skill level 10 in Evocations
  3676 | Snake:4  | Killed a nagaraja
  3676 | Snake:4  | Reached skill level 10 in Fighting
  3676 | Snake:4  | Reached skill level 8 in Armour
  3677 | Snake:4  | Gained mutation: You cannot read scrolls while threatened.
                  | [Ru sacrifice]
  3677 | Snake:4  | Reached ****** piety under Ru
  3684 | Snake:4  | Your magical essence is drained by the effort!
  3687 | Snake:4  | Your magical essence is drained by the effort!
  3689 | Snake:4  | Reached skill level 8 in Shields
  3746 | Snake:4  | Reached skill level 10 in Spellcasting
  3796 | Snake:4  | Got a serpentine rune of Zot
  4005 | Lair:2   | Noticed Gastronok
  4014 | Lair:2   | Got a heavily runed lapis lazuli ring
  4016 | Lair:2   | Identified the ring "Dughipp" {+Blink rC+ Str+2 Stlth+}
                  | (You found it on level 2 of the Lair of Beasts)
  4024 | Lair:2   | Killed Gastronok
  4024 | Lair:2   | Reached skill level 9 in Armour
  4074 | Lair:2   | Found a staircase to the Shoals.
  4080 | Lair:2   | Reached skill level 9 in Shields
  4097 | Shoals:1 | Entered Level 1 of the Shoals
  4141 | Shoals:1 | XOM: noise
  4148 | Shoals:1 | Your magical essence is drained by the effort!
  4171 | Shoals:1 | Reached XP level 15. HP: 113/142 MP: 4/4
  4242 | Shoals:3 | Reached skill level 10 in Armour
  4257 | Shoals:3 | Reached skill level 10 in Shields
  4260 | Shoals:3 | Found a hide-covered altar of Uskayaw.
  4289 | Shoals:4 | Entered Level 4 of the Shoals
  4326 | Shoals:4 | Got a barnacled rune of Zot
  4498 | D:11     | Cast into level 3 of the Abyss (unwielding a weapon of
                  | distortion)
  4525 | Abyss:3  | Found a corrupted altar of Lugonu.
  4621 | Abyss:3  | Reached skill level 11 in Shields
  4660 | Abyss:3  | Got an abyssal rune of Zot
  4670 | Abyss:3  | Reached skill level 11 in Fighting
  4671 | Abyss:3  | Paralysed by accursed screaming for 1 turns
  4749 | Abyss:3  | Reached skill level 11 in Spellcasting
  4751 | D:11     | Escaped the Abyss
  4787 | D:11     | XOM: give mutation
  4787 | D:11     | Lost mutation: You are partially covered in rugged brown
                  | scales. (AC +1, +3% HP) [Xom's mischief]
  4899 | D:12     | Noticed Nessos
  4913 | D:12     | Killed Nessos
  5096 | D:15     | Entered Level 15 of the Dungeon
  5219 | D:15     | Found a staircase to the Depths.
  5234 | Depths:1 | Entered Level 1 of the Depths
  5248 | Depths:1 | Your magical essence is drained by the effort!
  5249 | Depths:1 | Your magical essence is drained by the effort!
  5254 | Depths:1 | Reached XP level 16. HP: 82/151 MP: 4/4
  5265 | Depths:1 | Reached skill level 12 in Shields
  5399 | Depths:2 | Reached skill level 12 in Fighting
  5414 | Depths:2 | Identified a scroll of acquirement
  5415 | Depths:2 | Acquired the ring "Cyogoxt" {Ice rPois Str-3 Int-3 SInv}
  5484 | Depths:3 | Reached skill level 1 in Dodging
  5578 | Depths:3 | Your magical essence is drained by the effort!
  5583 | Depths:3 | Reached skill level 2 in Dodging
  5610 | Depths:3 | Reached skill level 3 in Dodging
  5651 | Depths:3 | XOM: scenery: 1 doors open
  5704 | Depths:3 | Reached skill level 12 in Spellcasting
  5778 | Depths:4 | Reached skill level 4 in Dodging
  5791 | Depths:4 | Noticed a shadow dragon
  5824 | Depths:4 | Noticed a quicksilver dragon
  5829 | Depths:4 | Reached skill level 5 in Dodging
  5844 | Depths:4 | Noticed a caustic shrike
  5851 | Depths:3 | Killed a shadow dragon
  5856 | Depths:3 | Killed a quicksilver dragon
  5862 | Depths:3 | Your magical essence is drained by the effort!
  5867 | Depths:4 | Reached skill level 6 in Dodging
  5872 | Depths:4 | Noticed a caustic shrike
  5880 | Depths:3 | Your magical essence is drained by the effort!
  5882 | Depths:3 | Killed a caustic shrike
  5882 | Depths:3 | Reached XP level 17. HP: 42/162 MP: 3/3
  5889 | Depths:3 | Your magical essence is drained by the effort!
  5946 | Depths:4 | Found a one-way gate to the infinite horrors of the Abyss.
  5960 | Depths:4 | Reached skill level 7 in Dodging
  5967 | Depths:4 | Noticed a tentacled monstrosity
  5983 | Depths:4 | Killed a tentacled monstrosity
  6021 | Depths:4 | Reached skill level 8 in Dodging
  6030 | Depths:4 | Reached skill level 13 in Spellcasting
  6052 | Depths:4 | Your magical essence is drained by the effort!
  6055 | Depths:4 | Your magical essence is drained by the effort!
  6074 | Depths:3 | Your magical essence is drained by the effort!
  6134 | Depths:4 | Noticed a lich
  6146 | Depths:4 | Killed a lich
  6163 | Depths:4 | XOM: 1-stop teleportation journey
  6181 | Depths:4 | Noticed a lich
  6199 | Depths:4 | Killed a lich
  6270 | Depths:5 | Entered Level 5 of the Depths
  6430 | Depths:5 | Reached skill level 14 in Spellcasting
  6430 | Depths:5 | HP: 5/162 [black draconian/bolt of lightning (15)]
  6431 | Depths:5 | Your magical essence is drained by the effort!
  6550 | Depths:5 | Found a gate to the Realm of Zot.
  6550 | Depths:5 | Noticed a golden dragon
  6570 | Depths:5 | Killed a golden dragon
  6641 | Zot:1    | Entered Level 1 of the Realm of Zot
  6641 | Zot:1    | Noticed a quicksilver dragon
  6654 | Depths:5 | Killed a quicksilver dragon
  6655 | Depths:5 | Reached skill level 15 in Spellcasting
  6660 | Depths:5 | Your magical essence is drained by the effort!
  6667 | Depths:5 | Slain by a death cob

Illustrated notes

Levels and vault maps discovered:
D:1:      minmay_arrival_pointy, layout_rooms
D:2:      layout_loops_ring, uniq_robin, uniq_natasha
D:3:      layout_basic, lightli_temple_of_fire, lemuel_doored_altar,
          chequers_ecumenical_altar_simple
D:4:      minmay_door_path, layout_cave_pools, cheibrodos_sewer_entry_bend
D:5:      minmay_clustersquares, layout_basic, elyvilon_altar_1
D:6:      layout_loops_ring, tgw_fedhas, gammafunk_temple_overflow_statue,
          minmay_misc_feat_iff, uniq_blork_the_orc, uniq_pikel
D:7:      layout_rooms, minmay_temple_entry_tees, gup_ossuary_entry_pyramid
D:8:      layout_basic, old_standard_altar, gammafunk_temple_overflow_elements,
          gammafunk_ghost_wrathful_warriors
D:9:      minmay_the_grid_octo_tiled_squarecenter
          [minmay_the_grid_octo_tetromino_candy, minmay_the_grid_octo_shrine,
          minmay_the_grid_octo_toaster, minmay_the_grid_octo_chip,
          minmay_the_grid_square_5x5_megaprize_diamond,
          minmay_the_grid_square_5x5_pentomino_r,
          minmay_the_grid_square_5x5_percent,
          minmay_the_grid_square_5x5_gyroscope, minmay_the_grid_square_5x5_n],
          layout_long_grid, nicolae_tso_swordbearing_angel, guppyfry_shop_venom
D:10:     layout_roguey, david_lair_generic, the_bakery, uniq_erolcha
D:11:     layout_irregular_city, erik_orc_4
D:12:     layout_loops_cross, basic_altar,
          nicolae_gozag_cash_rules_everything_around_me, uniq_nessos
D:13:     layout_loops_ring, david_vaults_4
D:14:     layout_basic, uniq_kirke
D:15:     grunt_enter_depths_hoard, layout_basic
Temple:   dshaligram_water_room_temple
Lair:1:   layout_layer_cave
Lair:2:   minmay_guarded_unrand_snakebite, layout_small_grid,
          minmay_shoals_entry_centaurs, gammafunk_ghost_berserking_beasts,
          grunt_forest_large_clearing_hut, uniq_gastronok
Lair:3:   layout_cave_pods, minmay_snake_entry_guardpost_small, uniq_sonja
Shoals:1: layout_shoals, centaur_isle
Shoals:2: cheibrodos_shoals_three_sisters, layout_shoals,
          gammafunk_ghost_tricky_traps, nicolae_shoals_water_shrine
Shoals:3: layout_shoals, hangedman_feature_mirror, st_shoals_ruin
Shoals:4: shoals_end_grunt_ice, layout_shoals, uniq_polyphemus, uniq_donald
Snake:1:  layout_misc_corridors, uniq_josephine
Snake:2:  layout_layer_cave, serial_shops, shop
Snake:3:  layout_onion
Snake:4:  minmay_snake_end_coiled, layout_cave_town, uniq_mara, uniq_agnes,
          uniq_aizul
Orc:1:    layout_diamond_mine, ebering_ghost_reflecting_pool,
          portal_ice_cave_entry_pillars_1, basic_altar, nicolae_orc_pool_cavern
Orc:2:    st_orc_rangers, layout_caves, basic_altar, uniq_maurice
Depths:1: layout_cave_shapes, grunt_hell_entry_dis_grunt, serial_shops, shop,
          shop, nicolae_two_hexagons, lemuel_freeze_loot_1, grunt_megastairs_3,
          firewood_loft, minmay_shop_grove
Depths:2: minmay_inside_and_out, layout_gridville, enter_ziggurat_a,
          minmay_stone_trees_small, pf_coc_iceberg
Depths:3: kennysheep_ambush_hall, layout_honeycomb, infiniplex_staircase_pool_2,
          pf_hell_entry_tar_spiral, rand_demon_pan_entry_7,
          onia_ninara_dug_in_and_dangerous
Depths:4: grunt_x_marks_the_spot, layout_cave_pools, abyss_entry_crystal,
          hangedman_decor_clover_reticule, lightli_too_deep
Depths:5: grunt_bruiser_brothers, layout_gridlike, abyss_entry,
          serial_bayou_ford_a, hell_entry, rand_demon_pan_entry_3
Zot:1:    layout_onion_interference

Skill      XL: |  1  2  3  4  5  6  7  8  9 10 11 12 13 14 15 16 17 |
---------------+----------------------------------------------------+-----
Axes           | 3 4 5 7 8 12 13 14 16 18 | 18.0
Spellcasting   | 2 4 5 6 7 8 9 10 11 12 15 | 15.0
Evocations     | 1 3 5 6 9 10 | 10.0
Fighting       | 3 4 6 7 8 9 10 11 12 | 12.8
Armour         | 6 9 10 | 10.0
Shields        | 6 9 11 12 | 12.5
Dodging        | 6 8 |  8.0

Action                   |  1- 3 |  4- 6 |  7- 9 | 10-12 | 13-15 | 16-18 || total
-------------------------+-------+-------+-------+-------+-------+-------++-------
Melee: War axe           |    41 |    78 |   310 |   365 |   651 |   459 ||  1904
       Broad axe         |       |       |       |       |    10 |       ||    10
Throw: Dart              |       |       |       |       |     6 |    15 ||    21
       Throwing net      |       |       |       |       |       |     1 ||     1
Invok: Sacrifice Experie |       |       |     1 |       |       |       ||     1
       Draw Out Power    |       |       |       |    17 |    35 |    29 ||    81
       Sacrifice Essence |       |       |       |     1 |       |       ||     1
       Apocalypse        |       |       |       |     2 |     4 |     7 ||    13
       Sacrifice Love    |       |       |       |     1 |       |       ||     1
       Power Leap        |       |       |       |       |     1 |       ||     1
       Sacrifice Words   |       |       |       |       |     1 |       ||     1
 Abil: Heal Wounds       |     1 |     5 |    25 |    39 |    44 |    29 ||   143
       Evoke Blink       |       |       |       |       |     1 |       ||     1
Evoke: Wand              |       |       |     1 |    12 |    29 |    38 ||    80
  Use: Scroll            |       |     4 |     5 |     8 |    11 |     8 ||    36
       Potion            |       |       |       |     2 |    11 |     5 ||    18
 Stab: Invisible         |       |       |     1 |     6 |    13 |     8 ||    28
       Sleeping          |       |       |       |    26 |       |       ||    26
       Paralysed         |       |       |       |    14 |    30 |    37 ||    81
       Distracted        |       |       |       |     1 |     5 |     3 ||     9
       Petrified         |       |       |       |       |       |     7 ||     7
       Held in net/web   |       |       |       |       |       |     2 ||     2
       Petrifying        |       |       |       |       |       |     1 ||     1
Armor: Scale mail        |    25 |    35 |    58 |       |       |       ||   118
       Plate armour      |       |       |   102 |   136 |    29 |    31 ||   298
       Chain mail        |       |       |       |    24 |   298 |       ||   322
       Fire dragon scale |       |       |       |       |       |   160 ||   160
Dodge: Dodged            |    20 |    24 |    84 |    46 |   170 |   171 ||   515
Block: Kite shield       |    31 |    56 |   199 |   205 |   374 |   290 ||  1155

Table legend: (Time is in decaauts)
 A = Elapsed time spent in this place.
 B = Non-inter-level travel time spent in this place.
 C = Inter-level travel time spent in this place.
 D = Time resting spent in this place.
 E = Time spent auto-exploring this place.
 F = Levels seen in this place.
 G = Mean time per level.
                   A        B        C        D        E       F      G
               +--------+--------+--------+--------+--------+-----+--------+
         Total |   6627 |   6565 |     62 |      0 |     23 |  38 |  174.4 |
       Dungeon |   2453 |   2433 |     20 |      0 |      0 |  15 |  163.5 |
        Temple |     87 |     87 |      0 |      0 |      0 |   1 |   87.0 |
          Lair |    410 |    409 |      1 |      0 |      0 |   3 |  136.7 |
        Shoals |    285 |    285 |      0 |      0 |      0 |   4 |   71.2 |
     Snake Pit |    872 |    832 |     40 |      0 |      0 |   4 |  218.0 |
  Orcish Mines |    541 |    541 |      0 |      0 |      0 |   2 |  270.5 |
        Depths |   1394 |   1394 |      0 |      0 |     23 |   5 |  278.8 |
           Zot |      8 |      8 |      0 |      0 |      0 |   1 |    8.0 |
         Abyss |    223 |    223 |      0 |      0 |      0 |   1 |  223.0 |
       Ossuary |    292 |    292 |      0 |      0 |      0 |   1 |  292.0 |
      Ice Cave |     57 |     57 |      0 |      0 |      0 |   1 |   57.0 |
               +--------+--------+--------+--------+--------+-----+--------+

Top non-repeatable levels by time:
Depths:3: 484 daAuts
     D:9: 401 daAuts
 Snake:4: 382 daAuts
Depths:5: 380 daAuts
Depths:4: 329 daAuts
    D:11: 298 daAuts
   Orc:1: 296 daAuts
 Ossuary: 292 daAuts
 Snake:2: 279 daAuts
   Orc:2: 245 daAuts
     D:4: 225 daAuts
 Abyss:3: 223 daAuts
     D:8: 212 daAuts
     D:7: 188 daAuts
     D:2: 181 daAuts
